 Dungeon Crawl Stone Soup version 0.20.0-8-g6b59dc7 (console) character file.

2291 removed the Chopper (level 9, -6/69 HPs)
             Began as a Mummy Arcane Marksman on May 30, 2017.
             Was a Follower of Ashenzari.
             Mangled by a white ugly thing (14 damage)
             ... on level 6 of the Dungeon.
             The game lasted 00:20:06 (8226 turns).

removed the Chopper (Mummy Arcane Marksman)         Turns: 8226, Time: 00:20:07

Health: -6/69      AC: 14    Str: 17    XL:     9   Next: 17%
Magic:  0/11       EV:  1    Int: 12    God:    Ashenzari [*.....]
Gold:   282        SH: 15    Dex: 12    Spells: 10/11 levels left

rFire    x . .     SeeInvis .   a - +1 hand axe (vamp)
rCold    + . .     Gourm    .   y - +2 large shield (curse)
rNeg     + + +     Faith    .   z - +0 plate armour
rPois    ∞         Spirit   +   (no helmet)
rElec    .         Reflect  .   (no cloak)
rCorr    .         Harm     .   C - +1 pair of gloves
MR       +....                  A - +0 pair of boots
Stlth    ..........             u - amulet of guardian spirit
Regen    0.3/turn               q - ring of poison resistance
MPRegen  0.2/turn               (no ring)

@: no status effects
A: no food or potions, fire vulnerability, cold resistance 1, negative energy
resistance 3, torment resistance, unbreathing
a: Curse Item, Scrying, Renounce Religion


You were on level 6 of the Dungeon.
You worshipped Ashenzari.
Ashenzari was aware of your devotion.
You were not hungry.

You visited 2 branches of the dungeon, and saw 8 of its levels.

You collected 282 gold pieces.

Inventory:

Hand Weapons
 a - a +1 vampiric hand axe (weapon)
 b - a +0 blowgun
 g - a +0 club
Missiles
 c - 7 javelins (quivered)
 d - 4 throwing nets
 l - 22 poisoned needles
Armour
 e - a +0 robe
 r - a +0 chain mail
 v - a +1 robe of fire resistance
 y - a cursed +2 large shield (worn)
 z - a +0 plate armour (worn)
 A - a +0 pair of boots (worn)
 C - a +1 pair of gloves (worn)
Magical Staves
 t - an uncursed staff of air
Jewellery
 q - a ring of poison resistance (left hand)
 s - an uncursed ring of ice
 u - an amulet of guardian spirit (around neck)
Wands
 i - a wand of confusion (0/48)
 n - a wand of lightning (0/15)
Scrolls
 h - 4 scrolls of enchant armour
 j - 3 scrolls of teleportation
 m - a scroll of fog
 o - 2 scrolls of enchant weapon
 x - a scroll of identify
 B - a scroll of recharging {unknown}
Books
 k - a book of Debilitation

   Spells                             Type                      Level
   a - Corona                         Hexes                        1
   b - Slow                           Hexes                        2
   c - Inner Flame                    Hexes/Fire                   3
   d - Portal Projectile              Hexes/Translocation          3
   e - Cause Fear                     Hexes                        4
   f - Leda's Liquefaction            Hexes/Earth                  4
 p - a book of Minor Magic

   Spells                             Type                      Level
   a - Magic Dart                     Conjuration                  1
   b - Blink                          Translocation                2
   c - Call Imp                       Summoning                    2
   d - Slow                           Hexes                        2
   e - Conjure Flame                  Conjuration/Fire             3
   f - Mephitic Cloud                 Conjuration/Poison/Air       3


   Skills:
 - Level 6.0 Fighting
 + Level 7.0 Axes
 - Level 1.5 Throwing
 - Level 2.5 Armour
 - Level 1.9 Dodging
 - Level 4.1 Shields
 - Level 1.7 Spellcasting
 - Level 2.6 Hexes


You had 10 spell levels left.
You knew the following spells:

 Your Spells              Type           Power        Failure   Level  Hunger
a - Corona                Hex            #......      100%        1    N/A

Dungeon Overview and Level Annotations

Branches:
Dungeon (7/15)             Temple (1/1) D:4

Altars:
Ashenzari
Dithmenos
Elyvilon
Hepliaklqana
Okawaru
Ru
Sif Muna
Trog
Uskayaw
Vehumet
Xom
Yredelemnul
The Shining One

Shops:
D:5 [   D:6 =   D:7 [

Annotations:
D:5 exclusion: downstairs, Sigmund


Innate Abilities, Weirdness & Mutations

You do not eat or drink.
Your flesh is vulnerable to fire.
You are immune to poison.
Your flesh is cold resistant. (rC+)
You are immune to negative energy. (rN+++)
You are immune to unholy pain and torment.
You can survive without breathing.


Message History

The white ugly thing is almost dead.
The white ugly thing tentacle-slaps you.
* * * LOW HITPOINT WARNING * * *
The white ugly thing freezes you! You resist.
* * * LOW HITPOINT WARNING * * *
Your shield and plate armour prevent you from hitting the white ugly thing.
The white ugly thing is almost dead.
The white ugly thing tentacle-slaps you but does no damage.
Your shield prevents you from hitting the white ugly thing.
The white ugly thing is severely wounded.
The white ugly thing tentacle-slaps you but does no damage.
Your shield and plate armour prevent you from hitting the white ugly thing.
The white ugly thing is severely wounded.
You block the white ugly thing's attack.
You slash the white ugly thing!
The white ugly thing is almost dead.
The white ugly thing tentacle-slaps you.
* * * LOW HITPOINT WARNING * * *
The white ugly thing freezes you! You resist.
You die...

#............#.#..
#(...........#.#.#
#)...(.......# #.#
#...(..#....## #.#
#......###### #.#
#..(...# # #......#
. #u.....# ##
#@.....# ..
#.##+##≈≈.≈ #.
##.###w≈≈≈≈≈≈≈w# #.
#..##≈≈≈≈≈≈≈≈≈≈ #.
#..#≈≈≈≈≈#≈≈≈≈##≈#
#.#.≈;≈≈≈≈ ≈≈≈≈≈≈w
#.#≈≈≈≈≈≈≈#≈≈≈≈≈ ≈#
#.≈≈≈(≈≈≈(≈≈≈≈ ≈≈≈≈
..≈#(...≈...#≈≈.≈≈≈


You could see a white ugly thing.

Vanquished Creatures
  Grinder (D:5)
  2 orc warriors
  A black bear (D:6)
  A sky beast (D:5)
  An ogre (D:5)
  A centaur (D:6)
  Blork the orc (D:5)
  6 bullfrogs
  2 gnoll sergeants
  3 scorpions
  A howler monkey (D:6)
  2 crimson imps (D:6)
  A bullfrog zombie (D:6)
  A hound (D:4)
  3 orc priests
  A bullfrog skeleton (D:6)
  An iguana (D:5)
  9 orc wizards
  A worker ant (D:6)
  4 gnolls
  5 adders
  A shadow imp (D:6)
  3 oozes
  2 adder skeletons (D:6)
  9 dart slugs
  6 worms
  4 leopard geckos
  18 orcs
  7 bats
  3 giant cockroaches (D:1)
  8 goblins
  6 hobgoblins
  2 jackals (D:6)
  5 kobolds
  3 quokkas (D:3)
  6 frilled lizards
  7 rats
138 creatures vanquished.

Notes
Turn   | Place    | Note
-------+----------+-------------------------------------------
     0 | D:1      | removed the Mummy Arcane Marksman began the quest for the Orb.
     0 | D:1      | Reached XP level 1. HP: 15/15 MP: 2/2
   230 | D:1      | Reached XP level 2. HP: 21/21 MP: 4/4
   364 | D:1      | Reached skill level 1 in Axes
   429 | D:1      | Reached XP level 3. HP: 27/27 MP: 5/5
  1292 | D:2      | Reached skill level 2 in Axes
  1638 | D:2      | Reached XP level 4. HP: 33/33 MP: 6/6
  2706 | D:3      | Reached skill level 3 in Axes
  2930 | D:3      | Reached XP level 5. HP: 32/38 MP: 7/7
  3335 | D:4      | Found a staircase to the Ecumenical Temple.
  3343 | Temple   | Entered the Ecumenical Temple
  3438 | Temple   | Became a worshipper of Ashenzari the Shackled
  3653 | D:4      | Reached skill level 4 in Axes
  3685 | D:4      | Reached XP level 6. HP: 27/44 MP: 4/8
  4175 | D:5      | Entered Level 5 of the Dungeon
  4256 | D:5      | Noticed Grinder
  4293 | D:5      | Killed Grinder
  4293 | D:5      | Reached XP level 7. HP: 15/55 MP: 3/9
  4561 | D:5      | Noticed Blork the orc
  4913 | D:5      | Reached skill level 5 in Axes
  4928 | D:5      | Killed Blork the orc
  5049 | D:5      | Noticed Sigmund
  5407 | D:5      | Reached skill level 1 in Shields
  5941 | D:5      | Found Bemmycw's Armour Shoppe.
  6121 | D:6      | Reached XP level 8. HP: 54/61 MP: 8/10
  6359 | D:6      | Reached skill level 1 in Armour
  6366 | D:7      | Found Tidolat's Armour Boutique.
  6579 | D:7      | Noticed a hornet
  6762 | D:6      | Reached * piety under Ashenzari
  7103 | D:6      | Reached skill level 5 in Fighting
  7131 | D:6      | Found Ethijar's Jewellery Emporium.
  7731 | D:6      | Reached skill level 6 in Axes
  7778 | D:6      | Noticed a white ugly thing
  7824 | D:6      | Reached XP level 9. HP: 69/69 MP: 11/11
  8146 | D:6      | Reached skill level 7 in Axes
  8226 | D:6      | Mangled by a white ugly thing

Skill      XL: |  1  2  3  4  5  6  7  8  9 |
---------------+----------------------------+-----
Axes           | 1 2 3 4 5 6 7 |  7.0
Fighting       | 4 6 |  6.0
Shields        | 3 4 |  4.1
Armour         | 2 |  2.5
Throwing       | |  1.5
Dodging        | |  1.9
Spellcasting   | |  1.7
Hexes          | |  2.6

Action                   |  1- 3 |  4- 6 |  7- 9 || total
-------------------------+-------+-------+-------++-------
Melee: Club              |    16 |       |       ||    16
       Unarmed           |     3 |       |       ||     3
       Hand axe          |    98 |   187 |   452 ||   737
 Fire: Blowgun           |       |    21 |   106 ||   127
Throw: Javelin           |    22 |     1 |     8 ||    31
       Throwing net      |     2 |       |       ||     2
Invok: Curse Item        |       |       |     1 ||     1
Evoke: Wand              |       |     8 |     6 ||    14
  Use: Scroll            |       |     4 |     2 ||     6
 Stab: Held in net/web   |     3 |       |       ||     3
       Confused          |       |     7 |     2 ||     9
Armor: Robe              |    25 |    23 |    19 ||    67
       Chain mail        |       |    22 |       ||    22
       Plate armour      |       |       |   213 ||   213
Dodge: Dodged            |    86 |   101 |    62 ||   249
Block: Large shield      |       |       |   418 ||   418
